 Dungeon Crawl Stone Soup version 0.30-a0-799-g109b55a442 (webtiles) character file.

Game seed: 1886891161883914960

2 Esekla the Sneak (level 1, 0/16 HPs)
             Began as an Octopode Delver on Feb 20, 2023.
             Slain by an ufetubus (2 damage)
             ... on level 5 of the Dungeon.
             The game lasted 00:01:01 (215 turns).

Esekla the Sneak (Octopode Delver)                   Turns: 215, Time: 00:01:01

Health: 0/16       AC:  1    Str: 11    XL:     1   Next: 30%
Magic:  1/1        EV: 13    Int: 12    God:
Gold:   0          SH:  0    Dex: 13    Spells: 0/0 levels left

rFire   . . .      SeeInvis .    a - +0 falchion
rCold   . . .      Faith    .    (no shield)
rNeg    . . .      Spirit   .    (helmet restricted)
rPois   .          Reflect  .    (no amulet)
rElec   .          Harm     .    (no ring)
rCorr   .          Rampage  .    (no ring)
Will    .....                    (no ring)
Stlth   ++++                     (no ring)
HPRegen 0.22/turn                (no ring)
MPRegen 0.07/turn                (no ring)
                                 (no ring)
                                 (no ring)

@: no status effects
A: almost no armour, amphibious, 8 rings, camouflage 1, gelatinous body 1,
(nimble swimmer 1), tentacles
a: no special abilities


You were on level 5 of the Dungeon.
You visited 1 branch of the dungeon, and saw 1 of its levels.

Inventory:

Hand Weapons
 a - a +0 falchion (weapon)
Wands
 f - a wand of digging (3)
Scrolls
 b - a scroll of fog
 c - a scroll of enchant armour {unknown}
 d - a scroll of fear
Potions
 e - a potion of haste


   Skills:
 * Level 3.0 Fighting
 * Level 2.0 Long Blades
 * Level 2.0 Dodging
 + Level 6.6 Stealth


You couldn't memorise any spells.
You didn't know any spells.
Your spell library contained the following spells:

 Spells                   Type           Power      Damage    Failure   Level
 Summon Lightning Spire   Summ/Air       0%         N/A       97%         4
 Storm Form               Tmut/Air       0%         N/A       100%        7
 Maxwell's Capacitive Co  Air            0%         ∞         100%        8


Dungeon Overview and Level Annotations

Branches:
Dungeon (5/15)
 Temple: D:4-7

Altars:


Innate Abilities, Weirdness & Mutations

You cannot wear most types of armour.
You are amphibious.
You can wear up to eight rings at the same time.
Your skin changes colour to match your surroundings (Stealth+).
Your rubbery body absorbs attacks. (AC +1, EV +1)
((You are camouflaged when in or above water. (Stealth+)))
You have tentacles for arms and can constrict up to eight enemies at once.


Message History

You pick up a book of the Sky and begin reading...
You add the spells Summon Lightning Spire, Storm Form and Maxwell's Capacitive Coupling to your library.
As you read the scroll of magic mapping, it crumbles to dust.
You feel aware of your surroundings.
You sensed 3 altars.
Found a stone staircase leading up.
Found a scroll labelled HAUG MEGGEZECK.
Found 2 emerald potions.
An orc comes into view. It is wielding a +0 club.
An orc wizard comes into view. It is wielding a +0 dagger.
An orc comes into view. It is wielding a +0 mace.
A jelly comes into view.
c - a scroll labelled HAUG MEGGEZECK
Found an escape hatch in the ceiling.
Found a barding.
There is an escape hatch in the ceiling here.
You hit the orc but do no damage. You grab the orc.
You squeeze the orc, but do no damage. You constrict the orc.
The orc misses you.
You hit the orc. You squeeze the orc.
You kill the orc!
Things that are here:
a +0 club; a +0 leather armour; an orc corpse An orc wizard and an orc come into view.
Found a scroll labelled CAOWAO NOWEUW and 10 gold pieces.
You start waiting.
Done waiting.
An ufetubus comes into view.
The ufetubus shouts!
You barely miss the ufetubus. Your grab misses the ufetubus.
The ufetubus hits you. The ufetubus barely misses you.
You miss the ufetubus. Your grab misses the ufetubus. The ufetubus hits you.
The ufetubus barely misses you. x2; The ufetubus hits you.
You barely miss the ufetubus. Your grab misses the ufetubus.
The ufetubus hits you. x2
* * * LOW HITPOINT WARNING * * *
The ufetubus closely misses you. The ufetubus hits you.
* * * LOW HITPOINT WARNING * * *
You hit the ufetubus but do no damage. Your grab misses the ufetubus.
The ufetubus hits you.
You die...

### #.# #.#
****** #.##
*,,,,* #..#**
*,,,,* #..,,*
*,,,,**** #.#*,**
*,,,,,,,,
#5#*,,**
*,,,,,***
#@#**,,* *,,,,,,*
#.# **,***,,,>*,*
#.###*,,,,,,,,*,*
#...#****,,****,*
#.#.#* **,,***,**
#.#..# **,,**,,*
#.##.#* **,,**,*
#.#*..* **,,*,*
##* #.#*#.#
**,,,*


You could see an ufetubus.

Vanquished Creatures
  An orc (D:5)
1 creature vanquished.

Notes
Turn   | Place    | Note
-------+----------+-------------------------------------------
     0 | D:5      | Esekla the Octopode Delver began the quest for the Orb.
     0 | D:5      | Reached XP level 1. HP: 16/16 MP: 1/1
    19 | D:5      | Noticed an orc wizard
    23 | D:5      | Noticed a jelly
    63 | D:5      | Noticed an orc wizard
   215 | D:5      | Slain by an ufetubus

Illustrated notes

Levels and vault maps discovered:
D:5:      layout_rooms, mainiacjoe_overflow_swirl, trog_three_pillars_becter

Action                     || total
---------------------------++-------
  Melee: Falchion          ||     6
         Tentacles         ||     2
         Constrict         ||     1
    Use: Scroll            ||     1
  Dodge: Dodged            ||     5

Table legend: (Time is in decaauts)
 A = Elapsed time spent in this place.
 B = Non-inter-level travel time spent in this place.
 C = Inter-level travel time spent in this place.
 D = Time resting spent in this place.
 E = Time spent auto-exploring this place.
 F = Levels seen in this place.
 G = Mean time per level.
                   A        B        C        D        E       F      G
               +--------+--------+--------+--------+--------+-----+--------+
         Total |    216 |    216 |      0 |    100 |     11 |   1 |  216.0 |
       Dungeon |    216 |    216 |      0 |    100 |     11 |   1 |  216.0 |
               +--------+--------+--------+--------+--------+-----+--------+

Top non-repeatable levels by time:
     D:5: 216 daAuts
